 Dungeon Crawl Stone Soup version 0.28.0-53-g5a82cb258f (webtiles) character file.

Game seed: 14112257525084113438

156 jiml777 the Digger (level 5, -2/28 HPs)
             Began as a Gargoyle Earth Elementalist on June 3, 2022.
             Slain by a worm (4 damage)
             ... on level 4 of the Dungeon.
             The game lasted 00:15:51 (3110 turns).

jiml777 the Digger (Gargoyle Earth Elementalist)    Turns: 3110, Time: 00:15:52

Health: -2/28      AC:  9    Str: 12    XL:     5   Next: 37%
Magic:  8/9        EV: 11    Int: 17    God:
Gold:   144        SH:  0    Dex: 10    Spells: 9/10 levels left

rFire   . . .      SeeInvis .   i - +3 dagger
rCold   . . .      Faith    .   (no shield)
rNeg    + . .      Spirit   .   m - +0 leather armour
rPois   ∞          Reflect  .   e - +0 helmet
rElec   +          Harm     .   k - +0 cloak
rCorr   .          Rampage  .   (no gloves)
Will    .....                   (no boots)
Stlth   ++........              s - amulet of the acrobat
HPRegen 0.09/turn               (no ring)
MPRegen 0.11/turn               (no ring)

@: mighty
A: sickness immunity, AC +4, negative energy resistance 1, electricity
resistance, torment resistance 1, petrification resistance
a: no special abilities


You were on level 4 of the Dungeon.
You visited 1 branch of the dungeon, and saw 4 of its levels.

You collected 144 gold pieces.

Inventory:

Hand Weapons
 i - a +3 dagger (weapon)
Missiles
 a - 80 sling bullets
 c - 127 stones
 f - 9 arrows
 j - 9 poisoned darts
Armour
 b - a +0 robe
 e - a +0 helmet (worn)
 k - a +0 cloak (worn)
 m - a +0 leather armour (worn)
Jewellery
 s - an amulet of the acrobat (around neck)
Wands
 n - a wand of digging (13)
 q - a wand of polymorph (5)
Scrolls
 d - a scroll of teleportation
 g - 3 scrolls of identify
 l - a scroll of silence {unknown}
 o - a scroll of magic mapping {unknown}
 p - a scroll of blinking {unknown}
Potions
 h - a potion of flight


   Skills:
 + Level 0.8 Fighting
 + Level 1.3 Short Blades
 + Level 1.5 Armour
 + Level 2.0 Dodging
 + Level 2.8 Stealth
 + Level 3.0 Spellcasting
 + Level 0.7 Transmutations
 + Level 4.7 Earth Magic


You had 9 spell levels left.
You knew the following spells:

 Your Spells              Type           Power      Damage    Failure   Level
a - Sandblast             Erth           36%        2d10      3%          1

Your spell library contained the following spells:

 Spells                   Type           Power      Damage    Failure   Level
 Passwall                 Tmut/Erth      9%         N/A       11%         2
 Stone Arrow              Conj/Erth      20%        3d8       26%         3
 Ensorcelled Hibernation  Hex/Ice        4%         N/A       32%         2
 Spider Form              Tmut/Pois      3%         N/A       50%         3
 Gell's Gravitas          Tloc           2%         N/A       54%         3
 Lesser Beckoning         Tloc           2%         N/A       54%         3
 Teleport Other           Tloc           2%         N/A       54%         3
 Petrify                  Tmut/Erth      11%        N/A       58%         4
 Anguish                  Hex/Necr       1%         N/A       91%         4
 Blade Hands              Tmut           2%         N/A       99%         5
 Irradiate                Conj/Tmut      1%         3d13      99%         5
 Dragon Form              Tmut           2%         N/A       100%        7


Dungeon Overview and Level Annotations

Branches:
Dungeon (4/15)
 Temple: D:4-7

Altars:
Makhleb


Innate Abilities, Weirdness & Mutations

You are immune to sickness and miasma.
Your stone body is resilient. (AC +4)
You are immune to poison.
You resist negative energy. (rN+)
You are resistant to electric shocks. (rElec)
You are resistant to unholy torment.
You are immune to petrification.


Message History

You puncture the orc!
You kill the orc!
The orc priest barely misses you.
The adder hisses angrily.
You puncture the orc!
You kill the orc!
Casting: Sandblast (safe; 3% risk of failure)
Confirm with . or Enter, or press ? or * to list all spells.
Aiming: Sandblast (safe; 3% risk of failure)
Press: ? - help, Shift-Dir - straight line, f - orc
Aim: an orc, wielding a +0 hand axe and wearing a +0 chain mail (85% to hit)
The blast of sand hits the orc but does no damage.
You puncture the adder!
The adder is severely wounded.
The adder bites you but does no damage.
You closely miss the adder.
The adder is severely wounded.
The orc priest hits you but does no damage.
The adder bites you.
* * * LOW HITPOINT WARNING * * *
You closely miss the adder.
The adder is severely wounded.
The orc priest barely misses you. The adder barely misses you.
Unknown command.
You puncture the adder!
You kill the adder!
The orc priest hits you from afar with a +0 trident.
* * * LOW HITPOINT WARNING * * *
Your Dodging skill increases to level 2!
You hit the orc.
The orc is moderately wounded.
The orc hits you but does no damage.
The orc priest hits you but does no damage.
You hit the orc.
You kill the orc!
The orc priest barely misses you.
You hit the worm.
The worm is moderately wounded.
The orc priest misses you. The worm bites you.
You die...

# ..# ############....#
#######......>w@.......
........####.o####(...#
.#<......#.......#
.................... .
.###≈..≈###.†S#.####
...#≈≈#...#.o....# #.⌠
#≈≈#.⌠.#o.o...# #.
#≈≈#...#o.....S. .
≈≈≈≈###.......#.


You could see a worm and an orc priest.

Vanquished Creatures
  A hound (D:4)
  Ijyb (D:3)
  3 adders
  4 dart slugs
  5 orcs
  7 ball pythons
  5 endoplasms
  2 giant cockroaches
  6 goblins
  4 hobgoblins
  A quokka (D:2)
  5 bats
  13 frilled lizards
  2 kobolds
  A rat (D:3)
60 creatures vanquished.

Vanquished Creatures (others)
  2 plants (D:3)
2 creatures vanquished.

Grand Total: 62 creatures vanquished

Notes
Turn   | Place    | Note
-------+----------+-------------------------------------------
     0 | D:1      | jiml777 the Gargoyle Earth Elementalist began the quest for
                  | the Orb.
     0 | D:1      | Reached XP level 1. HP: 10/10 MP: 3/3
   221 | D:1      | Reached XP level 2. HP: 15/15 MP: 3/5
   243 | D:1      | Found a faded altar of an unknown god.
   690 | D:1      | Reached skill level 4 in Earth Magic
  1130 | D:2      | Reached XP level 3. HP: 19/19 MP: 4/6
  1366 | D:2      | Found a burning altar of Makhleb.
  2031 | D:3      | Noticed Ijyb
  2051 | D:3      | Killed Ijyb
  2052 | D:3      | Reached XP level 4. HP: 14/24 MP: 1/8
  2741 | D:3      | Reached skill level 1 in Short Blades
  3079 | D:4      | Reached skill level 1 in Armour
  3079 | D:4      | Reached XP level 5. HP: 26/28 MP: 9/9
  3110 | D:4      | Slain by a worm

Illustrated notes

Levels and vault maps discovered:
D:1:      dpeg_arrival_boxorama, layout_basic,
          hellmonk_ecumenical_altar_lost_god
D:2:      cheibrodos_helix_gallery, layout_basic, basic_altar,
          minmay_lizard_pond
D:3:      layout_basic, minmay_misc_feat_enclosed, chequers_big_river,
          minmay_cupped, uniq_ijyb
D:4:      layout_basic, lemuel_round_altar, hex_intersection, fountainhead

Skill      XL: |  1  2  3  4  5 |
---------------+----------------+-----
Earth Magic    | 4 |  4.7
Short Blades   | 1 |  1.3
Armour         | 1 |  1.5
Spellcasting   | 3 |  3.0
Dodging        | 2 |  2.0
Fighting       | |  0.8
Stealth        | |  2.8
Transmutations | |  0.7

Action                   |  1- 3 |  4- 6 || total
-------------------------+-------+-------++-------
Melee: Dagger            |    64 |    61 ||   125
       Punch             |     1 |       ||     1
 Cast: Sandblast         |    32 |     1 ||    33
  Use: Scroll            |     3 |     1 ||     4
       Potion            |       |     1 ||     1
 Stab: Sleeping          |     1 |     2 ||     3
Armor: Robe              |    11 |       ||    11
       Leather armour    |    14 |    25 ||    39
Dodge: Dodged            |    48 |    41 ||    89
